 Dungeon Crawl Stone Soup version 0.29.1-13-g9f3cf754e1 (webtiles) character file.

Game seed: 6493006643683061634

7 theswoord the Vexing (level 1, -1/15 HPs)
             Began as a Demonspawn Arcane Marksman on Jan 28, 2023.
             Slain by a jackal (3 damage)
             ... on level 1 of the Dungeon.
             The game lasted 00:00:43 (167 turns).

theswoord the Vexing (Demonspawn Arcane Marksman)    Turns: 167, Time: 00:00:43

Health: -1/15      AC:  2    Str: 10    XL:     1   Next: 91%
Magic:  2/2        EV: 12    Int: 14    God:
Gold:   13         SH:  0    Dex: 13    Spells: 1/2 levels left

rFire   . . .      SeeInvis .   a - +1 sling
rCold   . . .      Faith    .   (no shield)
rNeg    . . .      Spirit   .   c - +0 robe
rPois   .          Reflect  .   (no helmet)
rElec   .          Harm     .   (no cloak)
rCorr   .          Rampage  .   (no gloves)
Will    .....                   (no boots)
Stlth   +.........              (no amulet)
HPRegen 0.05/turn               (no ring)
MPRegen 0.08/turn               (no ring)

@: no status effects
A: no striking features
a: no special abilities


You were on level 1 of the Dungeon.
You visited 1 branch of the dungeon, and saw 1 of its levels.

You collected 13 gold pieces.

Inventory:

Hand Weapons
 a - a +1 sling (weapon)
Armour
 c - a +0 robe (worn)
Scrolls
 b - a scroll of poison


   Skills:
 - Level 1.0 Fighting
 + Level 2.4 Ranged Weapons
 - Level 1.7 Dodging
 - Level 1.0 Spellcasting
 - Level 3.0 Hexes


You had one spell level left.
You knew the following spells:

 Your Spells              Type           Power      Damage    Failure   Level
a - Slow                  Hex            36%        N/A       8%          1

Your spell library contained the following spells:

 Spells                   Type           Power      Damage    Failure   Level
 Inner Flame              Hex/Fire       4%         N/A       38%         3
 Portal Projectile        Hex/Tloc       8%         N/A       38%         3
 Cause Fear               Hex            4%         N/A       58%         4


Dungeon Overview and Level Annotations

Branches:
Dungeon (1/15)

Altars:


Message History

There are monsters nearby!
There are monsters nearby!
You shoot a sling bullet. The endoplasm quivers.
The jackal barks!
The kobold shouts!
The sling bullet hits the rat.
You kill the rat!
A hobgoblin comes into view.
A jackal comes into view.
You shoot a sling bullet.
The sling bullet barely misses the jackal.
The hobgoblin shouts!
The jackal barks!
You hear an angry hiss.
You shoot a sling bullet. The sling bullet hits the jackal.
The jackal is almost dead.
You shoot a sling bullet. The sling bullet hits the jackal.
You kill the jackal!
A ball python comes into view.
You shoot a sling bullet.
The sling bullet hits the jackal but does no damage.
The jackal bites you but does no damage.
The endoplasm closely misses you.
You shoot a sling bullet. The sling bullet hits the endoplasm.
The endoplasm is severely wounded.
The jackal barely misses you. The jackal bites you. The endoplasm hits you.
You shoot a sling bullet.
The sling bullet barely misses the endoplasm.
The jackal bites you. The endoplasm barely misses you. The jackal bites you.
* * * LOW HITPOINT WARNING * * *
You shoot a sling bullet.
The sling bullet barely misses the endoplasm.
You hear a bark!
The jackal bites you.
* * * LOW HITPOINT WARNING * * *
A jackal comes into view.
The endoplasm hits you.
* * * LOW HITPOINT WARNING * * *
The jackal closely misses you. The endoplasm barely misses you.
You hear a bark!
The jackal attacks as you move away! The jackal closely misses you.
The jackal bites you.
You die...

...... ## ..... ..# #.#
##...) ##.## #.# .#h....
...# #.# ....... #..# #.#
....... #..# #.#
#.........gJ####..# #.#
#......##.K†Sh@...#####.##
#......#####.............#
##.........##...#######..#
##..≈≈≈≈≈≈≈..#...# #..#
##..≈≈...♣.≈≈...(## #..#
...≈≈.......≈≈...# #####..#
..≈≈..8.<..♣.≈≈..####......#
#.≈........8..≈..##...####.#
#.≈.....♣.....≈..##.### #.#


You could see an endoplasm, a jackal, a hobgoblin, a ball python and a kobold.

Vanquished Creatures
  2 endoplasms (D:1)
  A jackal (D:1)
  A bat (D:1)
  A frilled lizard (D:1)
  2 kobolds (D:1)
  A rat (D:1)
8 creatures vanquished.

Notes
Turn   | Place    | Note
-------+----------+-------------------------------------------
     0 | D:1      | theswoord the Demonspawn Arcane Marksman began the quest
                  | for the Orb.
     0 | D:1      | Reached XP level 1. HP: 15/15 MP: 2/2
   167 | D:1      | Slain by a jackal

Skill      XL: |  1 |
---------------+----+-----
Ranged Weapons | 2 |  2.4
Fighting       | |  1.0
Dodging        | |  1.7
Spellcasting   | |  1.0
Hexes          | |  3.0

Action                   || total
-------------------------++-------
 Fire: Sling             ||    33
Armor: Robe              ||     7
Dodge: Dodged            ||    22

Levels and vault maps discovered:
D:1:      moated_graveyard_arrival, layout_basic,
          shapermc_ecumenical_altar_totnotflames
